 Dungeon Crawl Stone Soup version 0.31-a0-507-gbafd7f5274 (webtiles) character file.

Game seed: 6403341657300512404

27494 Crownlay the Nimble (level 13, -1/124 HPs)
             Began as a Demonspawn Monk on Aug 9, 2023.
             Was a High Priest of Cheibriados.
             Slain by a skeletal warrior
             ... wielding a +0 broad axe
              (19 damage)
             ... on level 12 of the Dungeon.
             The game lasted 00:31:52 (13030 turns).

Crownlay the Nimble (Demonspawn Monk)              Turns: 13030, Time: 00:31:53

Health: -1/124     AC: 11    Str: 25    XL:     13   Next: 4%
Magic:  12/19      EV: 30    Int: 21    God:    Cheibriados [*****.]
Gold:   1304       SH:  5    Dex: 45    Spells: 12/12 levels left

rFire   + . .        g - +3 short sword (drain)
rCold   . . .        (no shield)
rNeg    . . .        w - +1 leather armour of Omission {*Corrode +Inv Will+ Str+2}
rPois   .            D - melded +2 helmet
rElec   .            h - melded scarf {repulsion}
rCorr   .            (gloves currently unavailable)
SInv    .            (boots currently unavailable)
Will    +....        a - amulet of Sunlight {Reflect rF+ Dex+4 SH+5}
Stlth   +++          l - +6 ring of dexterity
HPRegen 0.40/turn    x - +4 ring of protection
MPRegen 0.16/turn

%: corrode self (3%), reflection
@: beast-form, very slow
A: beast (slay +4), hooves 2, icy blue scales 2, ignite blood 2, spiny 1, agile
1, robust 2
a: Begin Untransformation, Renounce Religion, Evoke Invisibility, Bend Time,
Temporal Distortion, Slouch, Step From Time


You were on level 12 of the Dungeon.
You worshipped Cheibriados.
Cheibriados was extremely pleased with you.
You were a hulking beast.
You visited 2 branches of the dungeon, and saw 13 of its levels.
You also visited: Sewer and Gauntlet.

You collected 1304 gold pieces.

Inventory:

Hand Weapons
 g - a +3 short sword of draining (weapon)
 N - the +9 orcbow of Defence by Offence {elec, Drain rElec rC++ Str+3}
   (You found it on level 8 of the Dungeon)

   Str+3:     It affects your strength (+3).
   rC++:      It greatly protects you from cold.
   rElec:     It insulates you from electricity.
   Drain:     It drains your maximum health when unequipped.
Missiles
 J - 3 throwing nets
 K - a curare-tipped dart
Armour
 d - an orb of light
 h - a scarf of repulsion (melded)
 w - the +1 leather armour of Omission (worn) {*Corrode +Inv Will+ Str+2}
   (You found it on level 4 of the Dungeon)

   Str+2:     It affects your strength (+2).
   Will+:     It increases your willpower.
   +Inv:      It lets you turn invisible.
   *Corrode:  It may corrode you when you take damage.
 D - a +2 helmet (melded)
 M - a +2 robe of resistance
 X - a +2 pair of gloves of strength
Magical Staves
 Y - a staff of conjuration
Jewellery
 a - the amulet of Sunlight (around neck) {Reflect rF+ Dex+4 SH+5}
   (You took it off a minotaur in a Gauntlet)

   [amulet of reflection]

   Reflect:   It reflects blocked missile attacks.
   Dex+4:     It affects your dexterity (+4).
   rF+:       It protects you from fire.
   SH+5:      It affects your SH (+5).
 l - a +6 ring of dexterity (left hand)
 x - a +4 ring of protection (right hand)
 E - an amulet of regeneration
 L - a ring of wizardry
 T - the amulet "Wetorar" {RegenMP rPois Will- SInv Stlth+}
   (You found it in a Gauntlet)

   [amulet of magic regeneration]

   RegenMP:   It increases your rate of magic regeneration.
   rPois:     It protects you from poison Will-: It decreases your willpower.
   SInv:      It lets you see invisible.
   Stlth+:    It makes you more stealthy.
Talismans
 A - a beast talisman (active)
 Q - a serpent talisman
Wands
 C - a wand of digging (3)
 O - a wand of charming (7)
 S - a wand of roots (16)
 W - a wand of light (4)
Scrolls
 j - 3 scrolls of blinking
 s - 4 scrolls of fear
 u - 2 scrolls of enchant weapon
 v - 4 scrolls of teleportation
 y - 4 scrolls of brand weapon
 z - 2 scrolls of amnesia
 B - a scroll of torment
 F - a scroll of immolation
 H - a scroll of silence
 I - a scroll of enchant armour
 R - a scroll of fog
Potions
 b - a potion of lignification {unknown}
 c - 2 potions of ambrosia
 f - a potion of attraction {unknown}
 i - 8 potions of mutation
 k - 2 potions of resistance {unknown}
 m - 5 potions of enlightenment
 n - 4 potions of cancellation {unknown}
 o - a potion of invisibility {unknown}
 p - 2 potions of magic {unknown}
 r - 5 potions of curing {unknown}
 t - 3 potions of degeneration {unknown}
 P - 2 potions of brilliance {unknown}
Miscellaneous
 e - a phantom mirror
 Z - a condenser vane


   Skills:
 + Level 10.3 Fighting
 - Level 10.0 Long Blades
 - Level 2.1 Armour
 + Level 11.2 Dodging
 + Level 8.4 Invocations
 + Level 8.3 Shapeshifting


You had 12 spell levels left.
You didn't know any spells.
Your spell library contained the following spells:

 Spells                   Type           Power      Damage    Failure   Level
 Cigotuvi's Dreadful Rot  Necr/Pois/Air  0%         N/A       30%         2
 Sublimation of Blood     Necr           0%         N/A       30%         2
 Wereblood                Tmut           0%         N/A       30%         2
 Ignite Poison            Fire/Tmut/Pois 0%         N/A       52%         3
 Volatile Blastmotes      Fire/Tloc      0%         2d10      52%         3
 Fulminant Prism          Conj/Hex       0%         3d5       89%         4
 Iskenderun's Mystic Bla  Conj/Tloc      0%         2d3       89%         4
 Freezing Cloud           Conj/Ice/Air   0%         6-21      99%         5
 Summon Hydra             Summ           0%         N/A       100%        7


Dungeon Overview and Level Annotations

Branches:
Dungeon (12/15)            Temple (1/1) D:6            Lair (0/5) D:10
    Orc (0/2) D:12          Sewer (visited)         Gauntlet (visited)

Altars:
Ashenzari
Cheibriados
Dithmenos
Fedhas
Gozag
Hepliaklqana
Kikubaaqudgha
Makhleb
Nemelex Xobeh
Okawaru
Qazlal
Ru
Sif Muna
Trog
Uskayaw
Vehumet
Wu Jian
Xom
Yredelemnul

Portals:
Trove: D:12 (give 8 potions of haste)

Annotations:
D:9 1 runed translucent door, Ethylacetat's ghost, journeyman OpSh
D:12 Azrael


Innate Abilities, Weirdness & Mutations

You are a hulking beast.
Your limbs bulge with bestial killing power. (Slay +4)
You have hoof-like feet.
You are mostly covered in icy blue scales. (AC +3)
Your demonic aura often causes spilled blood to erupt in flames.
You are partially covered in sharp spines.
You are agile. (Dex +4, Str/Int -1)
You are very robust. (+20% HP)


Message History

Press: ? - help, Dir - look around, f - activate You can feel time thicken for a moment.
You destroy the fire elemental!
Cheibriados thoroughly appreciates the change of pace.
You kill the hell hound!
Cheibriados thoroughly appreciates the change of pace.
A hell hound comes into view.
The hell hound moves out of view.
Okay, then.
You don't know any spells.
Unknown command.
Okay, then.
Unknown command.
Okay, then.
You start removing your armour.
You continue taking off your orb of light. x4
Azrael gestures at you. The bolt of fire hits you! You resist.
* * * LOW HITPOINT WARNING * * *
You finish taking off your orb of light.
Okay, then.
Okay, then.
Okay, then.
As you read the scroll of fog, it dissolves into smoke.
As you read the scroll of teleportation, it crumbles to dust.
You feel strangely unstable.
Your surroundings suddenly seem different.
You start resting.
A skeletal warrior is nearby!
Found a scroll of fear.
The skeletal warrior hits you with a +0 broad axe!
* * * LOW HITPOINT WARNING * * *
You hit the skeletal warrior but do no damage.
The skeletal warrior is severely damaged.
You block the skeletal warrior's attack.
You hit the skeletal warrior but do no damage.
You kick the skeletal warrior, but do no damage.
The skeletal warrior is severely damaged.
The skeletal warrior hits you with a +0 broad axe!!
You die...

....................R#..§§§§§)###
####################○#..§§§§§.#
#.##....§†.# #.#######..# #.#
#.[## #.######°##***
*******#############........°,,,,
,,,,,,,...?.................,<,,,
**********#.....hz..........°,,,,
#.################*,,,* *,* *,,,*
*,* *,,,* *,* *,,,* *,* *,,,*
##*********,******######*****,,,*
..,,,,,,,,,,,,,,,,.....,,,,,,,,,,
##****************#...#**********


You could see a skeletal warrior.

Vanquished Creatures
  A quicksilver ooze (Gauntlet)
  A minotaur (Gauntlet)
  Fannar (D:10)
  A catoblepas (Gauntlet)
  A two-headed ogre (D:9)
  2 boulder beetles (D:11)
  Lodul (D:9)
  2 skeletal warriors (D:12)
  Pikel (D:7)
  3 ugly things
  3 cyclopes
  A manticore (D:11)
  4 gargoyles
  2 minotaur zombies (Gauntlet)
  A torpor snail (Gauntlet)
  Maggie (D:9)
  6 trolls
  3 hornets
  2 raiju (D:7)
  9 slime creatures (D:12)
  Sigmund (D:4)
  4 water elementals (D:10)
  4 wyverns
  24 yaks
  A vampire (D:6)
  3 wraiths
  2 fire elementals (D:12)
  A steam dragon (D:8)
  4 vampire mosquitoes (D:12)
  Menkaure (D:7)
  3 acid dragons
  3 hell hounds (D:12)
  4 orc warriors
  2 ice beasts
  2 sky beasts
  9 ogres
  6 wolves (Gauntlet)
  A phantom (D:5)
  3 centaurs
  5 kobold brigands
  2 gnoll sergeants
  5 bullfrogs
  4 scorpions
  4 wights (D:9)
  15 killer bees
  5 electric eels (D:7)
  2 howler monkeys
  4 jellies
  2 hounds
  5 orc priests
  Jessica (D:2)
  2 gnoll boudas
  5 iguanas
  11 orc wizards
  Robin (D:3)
  15 gnolls
  11 adders
  7 river rats
  2 shadow imps
  A white imp (D:5)
  3 worms
  4 dart slugs
  19 orcs
  9 ball pythons
  4 endoplasms
  A giant cockroach (D:3)
  12 goblins
  6 hobgoblins
  5 jackals
  3 quokkas
  5 bats
  4 frilled lizards
  27 kobolds
  12 rats
347 creatures vanquished.

Notes
Turn   | Place    | Note
-------+----------+-------------------------------------------
     0 | D:1      | Crownlay the Demonspawn Monk began the quest for the Orb.
     0 | D:1      | Reached XP level 1. HP: 18/18 MP: 1/1
   443 | D:1      | Gained mutation: Your demonic aura sometimes causes spilled
                  | blood to erupt in flames. [demonic ancestry]
   443 | D:1      | Reached XP level 2. HP: 24/24 MP: 2/2
   876 | D:2      | Noticed Jessica
   884 | D:2      | Killed Jessica
   885 | D:2      | Reached skill level 3 in Dodging
   885 | D:2      | Gained mutation: Your demonic aura often causes spilled
                  | blood to erupt in flames. [demonic ancestry]
   885 | D:2      | Reached XP level 3. HP: 12/29 MP: 3/3
  1080 | D:2      | Gained mutation: You are partially covered in sharp spines.
                  | [demonic ancestry]
  1080 | D:2      | Reached XP level 4. HP: 30/35 MP: 4/4
  1381 | D:3      | Noticed a scorpion
  1397 | D:3      | Killed a scorpion
  1530 | D:3      | Noticed Robin
  1538 | D:3      | Reached XP level 5. HP: 31/42 MP: 5/5
  1544 | D:3      | Killed Robin
  1774 | D:3      | Found a glowing drain.
  1782 | Sewer    | Entered a sewer
  1974 | Sewer    | Reached skill level 5 in Long Blades
  1974 | Sewer    | Gained mutation: You are partially covered in icy blue
                  | scales. (AC +2) [demonic ancestry]
  1974 | Sewer    | Reached XP level 6. HP: 40/48 MP: 6/6
  2089 | Sewer    | Reached skill level 4 in Dodging
  2724 | D:4      | Found a blossoming altar of Fedhas.
  2729 | D:4      | Identified the +1 leather armour of Omission {*Corrode +Inv
                  | Will+ Str+2}
  2744 | D:4      | You are sucked into a shaft and drop 1 floor!
  2744 | D:5      | Entered Level 5 of the Dungeon
  2884 | D:5      | Found a sacrificial altar of Ru.
  2884 | D:5      | Found a bloodstained altar of Trog.
  2897 | D:5      | Reached XP level 7. HP: 41/55 MP: 7/7
  2924 | D:5      | Gained mutation: You are robust. (+10% HP) [potion of
                  | mutation]
  2924 | D:5      | Gained mutation: You are agile. (Dex +4, Str/Int -1)
                  | [potion of mutation]
  2924 | D:5      | Gained mutation: You are very robust. (+20% HP) [potion of
                  | mutation]
  3068 | D:5      | Found a burning altar of Makhleb.
  3070 | D:5      | Found a hazy altar of Hepliaklqana.
  3425 | D:4      | Noticed Sigmund
  3432 | D:4      | Killed Sigmund
  3433 | D:4      | Reached skill level 5 in Fighting
  3851 | D:5      | Reached skill level 1 in Armour
  4003 | D:5      | Gained mutation: You are mostly covered in icy blue scales.
                  | (AC +3) [demonic ancestry]
  4003 | D:5      | Reached XP level 8. HP: 71/74 MP: 8/8
  4066 | D:5      | Reached skill level 5 in Dodging
  4275 | D:6      | Found a staircase to the Ecumenical Temple.
  4561 | D:6      | Noticed a troll
  4569 | D:6      | Killed a troll
  4570 | D:6      | Reached skill level 1 in Shapeshifting
  4796 | D:6      | Reached XP level 9. HP: 72/82 MP: 9/9
  4893 | Temple   | Entered the Ecumenical Temple
  4923 | Temple   | Became a worshipper of Cheibriados the Contemplative
  4923 | Temple   | Reached * piety under Cheibriados
  4923 | Temple   | Reached ** piety under Cheibriados
  5620 | D:7      | Reached skill level 6 in Dodging
  5962 | D:7      | Noticed Pikel
  5979 | D:7      | HP: 2/85 [Pikel/+2 whip of electrocution (20)]
  5982 | D:7      | Killed Pikel
  6318 | D:7      | Noticed Menkaure
  6336 | D:7      | Killed Menkaure
  6819 | D:8      | Reached *** piety under Cheibriados
  6844 | D:8      | Reached XP level 10. HP: 77/94 MP: 10/10
  6972 | D:8      | Identified the +9 orcbow of Defence by Offence {elec, Drain
                  | rElec rC++ Str+3}
  7107 | D:8      | Reached skill level 7 in Dodging
  7426 | D:8      | Reached **** piety under Cheibriados
  7751 | D:9      | Reached skill level 10 in Long Blades
  8064 | D:9      | Paralysed by a hornet for 3 turns
  8069 | D:9      | Noticed a two-headed ogre
  8085 | D:9      | Reached skill level 8 in Dodging
  8102 | D:9      | Noticed a cyclops
  8112 | D:9      | Reached skill level 5 in Shapeshifting
  8146 | D:9      | Killed a cyclops
  8147 | D:9      | Gained mutation: You have large cloven feet. [demonic
                  | ancestry]
  8147 | D:9      | Reached XP level 11. HP: 37/103 MP: 11/11
  8280 | D:9      | Noticed Maggie
  8325 | D:9      | Noticed a purple ugly thing
  8329 | D:9      | Killed Maggie
  8343 | D:9      | Killed a purple ugly thing
  8343 | D:9      | Reached ***** piety under Cheibriados
  8456 | D:9      | Noticed Ethylacetat's ghost (journeyman OpSh)
  8473 | D:9      | Found a runed translucent door.
  8761 | D:9      | Killed a two-headed ogre
  8781 | D:9      | Reached skill level 9 in Dodging
  8955 | D:10     | Entered Level 10 of the Dungeon
  8955 | D:10     | Noticed Lodul
  9000 | D:9      | Killed Lodul
  9082 | D:10     | Noticed Fannar
  9100 | D:10     | Killed Fannar
  9101 | D:10     | Reached skill level 1 in Invocations
  9101 | D:10     | Found an opulent altar of Gozag.
  9275 | D:10     | Found a staircase to the Lair.
  9994 | D:10     | Reached skill level 10 in Dodging
 10103 | D:10     | Found a shimmering blue altar of Sif Muna.
 10103 | D:10     | Found a sparkling altar of Nemelex Xobeh.
 10255 | D:11     | Noticed a cyan ugly thing
 10262 | D:11     | Killed a cyan ugly thing
 10337 | D:11     | Noticed a boulder beetle
 10370 | D:11     | Killed a boulder beetle
 10371 | D:11     | Reached XP level 12. HP: 110/112 MP: 15/15
 10470 | D:11     | Reached skill level 5 in Invocations
 10563 | D:11     | Noticed a boulder beetle
 10591 | D:11     | Killed a boulder beetle
 11329 | D:12     | Found a gate leading to a gauntlet.
 11339 | Gauntlet | Entered a Gauntlet
 11339 | Gauntlet | Found a transporter.
 11349 | Gauntlet | Found a transporter.
 11358 | Gauntlet | Found a runed translucent door.
 11360 | Gauntlet | Found a transporter.
 11362 | Gauntlet | Found a transporter.
 11373 | Gauntlet | Found a transporter.
 11386 | Gauntlet | Noticed a hell beast
 11389 | Gauntlet | Found a transporter.
 11400 | Gauntlet | Found a transporter.
 11412 | Gauntlet | Found a transporter.
 11412 | Gauntlet | Noticed a quicksilver ooze
 11429 | Gauntlet | Found a transporter.
 11439 | Gauntlet | Found a runed translucent gate.
 11440 | Gauntlet | Found a runed translucent gate.
 11440 | Gauntlet | Found a transporter.
 11440 | Gauntlet | Found a transporter.
 11441 | Gauntlet | Found a runed translucent gate.
 11444 | Gauntlet | Noticed a catoblepas
 11477 | Gauntlet | Found a runed translucent door.
 11481 | Gauntlet | Found a runed translucent door.
 11483 | Gauntlet | Found a transporter.
 11497 | Gauntlet | Found a transporter.
 11514 | Gauntlet | Found a transporter.
 11717 | Gauntlet | Killed a catoblepas
 11739 | Gauntlet | Killed a quicksilver ooze
 11739 | Gauntlet | Reached ****** piety under Cheibriados
 11748 | Gauntlet | Identified the amulet "Wetorar" {RegenMP rPois Will- SInv
                  | Stlth+}
 11781 | Gauntlet | Identified the amulet of Sunlight {Reflect rF+ Dex+4 SH+5}
 11781 | Gauntlet | Noticed a minotaur
 11816 | Gauntlet | Killed a minotaur
 12141 | D:12     | Reached skill level 10 in Fighting
 12303 | D:12     | Found a staircase to the Orcish Mines.
 12341 | D:12     | Reached skill level 11 in Dodging
 12862 | D:12     | Found a portal to a secret trove of treasure.
 12957 | D:12     | Gained mutation: You have hoof-like feet. [demonic
                  | ancestry]
 12957 | D:12     | Reached XP level 13. HP: 10/123 MP: 5/19
 12983 | D:12     | Noticed Azrael
 12985 | D:12     | HP: 6/124 [Azrael/bolt of fire (16)]
 13030 | D:12     | Slain by a skeletal warrior

Illustrated notes

Levels and vault maps discovered:
D:1:      minmay_arrival_four_loops, layout_basic, minmay_misc_feat_alley
D:2:      layout_rooms, uniq_jessica
D:3:      layout_basic, lightli_sewer_entry_pipes, minmay_between, uniq_robin
D:4:      layout_rooms, kennysheep_little_box, uniq_sigmund
D:5:      layout_basic, grunt_temple_overflow_open
D:6:      layout_cave_pools, minmay_temple_entry_grid
D:7:      layout_gridville, hangedman_decor_peaks_small,
          nicolae_have_a_lightning_rod, uniq_pikel, uniq_menkaure
D:8:      hangedman_cross_stitches, layout_rooms
D:9:      cheibrodos_ideogram_h, layout_basic, hellmonk_ghost_big_iron,
          uniq_maggie
D:10:     layout_stronghold, gammafunk_temple_overflow_wave,
          nicolae_gozag_seed_capital, lair_entry_dummy,
          minmay_misc_feat_pillars, kennysheep_flooded_box,
          nicolae_underground_beach, uniq_fannar, uniq_lodul
D:11:     layout_rooms, serial_rivers, chequers_serial_rivers_micro_c,
          chequers_serial_rivers_micro_e, chequers_serial_rivers_micro_a,
          chequers_serial_rivers_room_a, chequers_serial_rivers_large_b,
          chequers_serial_rivers_small_a
D:12:     layout_long_grid, minmay_orc_entry_temple_small,
          gauntlet_entry_generic, nicolae_trove_entry_isolated, uniq_azrael
Temple:   jpeg_temple_clearing

Skill      XL: |  1  2  3  4  5  6  7  8  9 10 11 12 |
---------------+-------------------------------------+-----
Long Blades    | 3 4 5 6 7 9 10 | 10.0
Dodging        | 3 4 5 6 8 10 11 | 11.2
Fighting       | 4 5 6 7 8 10 | 10.3
Armour         | 1 2 |  2.1
Shapeshifting  | 1 3 5 7 8 |  8.3
Invocations    | 4 8 |  8.4

Action                     |  1- 3 |  4- 6 |  7- 9 | 10-12 | 13-15 || total
---------------------------+-------+-------+-------+-------+-------++-------
  Melee: Falchion          |    11 |       |       |       |       ||    11
         Short sword       |    54 |   196 |   293 |   610 |     2 ||  1155
         Kick              |       |       |       |   278 |     1 ||   279
 Invoke: Slouch            |       |       |       |     6 |     1 ||     7
  Evoke: Wand              |       |       |     4 |    11 |       ||    15
    Use: Scroll            |       |     3 |    10 |     6 |     2 ||    21
         Potion            |       |       |     3 |     5 |       ||     8
   Stab: Sleeping          |       |     1 |       |       |       ||     1
 Armour: Robe              |     6 |    17 |       |       |       ||    23
         Leather armour    |       |     6 |    49 |    51 |       ||   106
  Dodge: Dodged            |    30 |    93 |   205 |   536 |       ||   864
         Repelled          |       |     1 |     5 |     3 |       ||     9
  Block: Orb               |       |       |       |    16 |       ||    16
         Other             |       |       |       |       |     1 ||     1
   Form: Beast             |       |       |       |     1 |       ||     1

Table legend: (Time is in decaauts)
 A = Elapsed time spent in this place.
 B = Non-inter-level travel time spent in this place.
 C = Inter-level travel time spent in this place.
 D = Time resting spent in this place.
 E = Time spent auto-exploring this place.
 F = Levels seen in this place.
 G = Mean time per level.
                   A        B        C        D        E       F      G
               +--------+--------+--------+--------+--------+-----+--------+
         Total |  15769 |  15211 |    558 |    316 |  11612 |  15 | 1051.3 |
       Dungeon |  13900 |  13410 |    490 |     90 |  10909 |  12 | 1158.3 |
        Temple |     70 |      2 |     68 |      0 |      0 |   1 |   70.0 |
         Sewer |    642 |    642 |      0 |      0 |    417 |   1 |  642.0 |
      Gauntlet |   1155 |   1155 |      0 |    226 |    285 |   1 | 1155.0 |
               +--------+--------+--------+--------+--------+-----+--------+

Top non-repeatable levels by time:
     D:9: 1951 daAuts
     D:7: 1943 daAuts
    D:10: 1714 daAuts
    D:11: 1554 daAuts
    D:12: 1260 daAuts
Gauntlet: 1155 daAuts
     D:8: 1051 daAuts
     D:6: 926 daAuts
     D:5: 916 daAuts
     D:1: 840 daAuts
     D:3: 718 daAuts
   Sewer: 642 daAuts
     D:2: 546 daAuts
     D:4: 477 daAuts
  Temple: 70 daAuts
